AoeStats
← Dinho peek

African Clearing

504355909Analyzed
3v3 RM · 29d ago on Sep 5, 2026· 43m 31s· 6 players
Game mode
Random Map
Map size
Normal (6 player)
Population
200
Speed
Normal
Resources
Standard
Victory
Conquest
Starting age
Dark Age
Ending age
Imperial Age
RankedLock teamsTeams togetherTeam positionsShared explorationLock speedFull tech treeHidden civsTurbo modeCheats
Victory
Defeat
🇦🇷 Mongols · Argentina
1615
+8
🇦🇷 Berbers · Argentina
1259
+21
🇦🇷 Italians · Argentina
1221
+23
🇦🇷 Saracens · Argentina
1519
-22
🇦🇷 Mongols · Argentina
1434
-19
🇦🇷 Khmer · Argentina
1228
-19
Gimli The Dwarf
13:04 Feudal Age
16:40 Castle Age
14:53 Double-Bit Axe
15:50 Fletching
15:53 Gold Mining
17:56 Bow Saw
18:27 Horse Collar
21:33 Bodkin Arrow
23:33 Ballistics
25:47 Wheelbarrow
25:54 Loom
27:11 Padded Archer Armor
29:26 Hand Cart
30:44 Heavy Plow
30:38 Stone Mining
32:29 Husbandry
32:40 Bloodlines
37:44 Imperial Age
36:14 Light Cavalry
37:10 Scale Barding Armor
37:15 Forging
38:12 Chain Barding Armor
37:46 Elite Mangudai
37:49 Capped Ram
39:17 Bracer
39:52 Conscription
42:01 Chemistry
40:53 Hussar
42:40 Drill
43:28 Iron Casting
43:18 Leather Archer Armor
43:53 Parthian Tactics
Dinho peek
6:31 Loom
8:09 Loom
11:25 Feudal Age
12:44 Double-Bit Axe
19:56 Castle Age
20:11 Forging
21:24 Bow Saw
22:08 Horse Collar
26:29 Wheelbarrow
26:13 Heavy Plow
26:54 Gold Mining
26:53 Town Watch
27:02 Fletching
28:32 Hand Cart
29:14 Bodkin Arrow
30:11 Bloodlines
30:09 Husbandry
31:12 Gold Shaft Mining
31:08 Scale Barding Armor
34:11 Imperial Age
32:18 Padded Archer Armor
32:42 Ballistics
32:35 Light Cavalry
34:41 Chain Barding Armor
35:17 Conscription
34:59 Bracer
36:03 Chemistry
36:58 Scale Mail Armor
36:52 Stone Mining
38:01 Plate Barding Armor
38:15 Iron Casting
37:53 Maghrebi Camels
39:52 Elite Camel Archer
42:15 Kasbah
42:54 Stone Shaft Mining
Tigursio
8:19 Loom
13:34 Feudal Age
18:00 Castle Age
16:36 Double-Bit Axe
18:52 Fletching
19:12 Gold Mining
24:10 Bodkin Arrow
28:02 Padded Archer Armor
31:29 Ballistics
39:40 Wheelbarrow
40:02 Town Watch
41:33 Bow Saw
42:03 Stone Mining
42:43 Leather Archer Armor
LVA - 厚塔色
11:22 Loom
14:23 Feudal Age
18:40 Castle Age
17:59 Double-Bit Axe
17:55 Horse Collar
23:05 Bow Saw
26:13 Town Watch
34:37 Gold Mining
35:08 Stone Mining
36:29 Wheelbarrow
39:17 Imperial Age
37:13 Scale Barding Armor
37:41 Forging
38:30 Chain Barding Armor
39:05 Bloodlines
38:56 Husbandry
39:38 Gold Shaft Mining
39:18 Heavy Camel Rider
40:49 Plate Barding Armor
42:44 Iron Casting
Coloso MDP
14:33 Feudal Age
18:38 Castle Age
18:01 Double-Bit Axe
18:02 Horse Collar
20:42 Bow Saw
27:52 Wheelbarrow
27:09 Loom
29:53 Hand Cart
29:57 Heavy Plow
30:32 Fletching
31:48 Bodkin Arrow
35:28 Imperial Age
34:39 Scale Barding Armor
34:45 Forging
37:08 Husbandry
37:26 Cavalier
LVA - Gleich
11:28 Loom
13:19 Feudal Age
15:32 Double-Bit Axe
19:26 Castle Age
18:26 Fletching
18:36 Padded Archer Armor
18:23 Horse Collar
20:26 Wheelbarrow
20:33 Bow Saw
24:31 Bodkin Arrow
31:39 Ballistics
31:54 Thumb Ring
37:51 Imperial Age
35:44 Gold Mining
38:58 Gold Shaft Mining
38:13 Stone Mining
38:38 Bracer
39:26 Conscription
40:05 Parthian Tactics
40:27 Husbandry
40:37 Bloodlines
43:19 Leather Archer Armor
44:08 Chemistry
Connection lost

Rejoining the realm…

Still unreachable

The connection could not be restored.

Session expired

The server has moved on; the page needs a fresh start.